AoeStats
← Dodô Pressão

Black Forest

504496358Analyzed
3v3 RM · 28d ago on Sep 5, 2026· 57m 23s· 6 players
Game mode
Random Map
Map size
Normal (6 player)
Population
200
Speed
Normal
Resources
Standard
Victory
Conquest
Starting age
Dark Age
Ending age
Imperial Age
RankedLock teamsTeams togetherTeam positionsShared explorationLock speedFull tech treeHidden civsTurbo modeCheats
Victory
Defeat
🇹🇷 Turks · Türkiye
559
+15
🇦🇷 Britons · Argentina
558
+15
🇧🇷 Burgundians · Brazil
501
+18
🇷🇸 Huns · Serbia
604
-19
🇨🇭 Vietnamese · Switzerland
518
-15
🇬🇧 Berbers · United Kingdom
500
-14
Maxi10cn6561
1:20 Loom
13:22 Feudal Age
15:50 Double-Bit Axe
20:35 Castle Age
19:14 Wheelbarrow
20:25 Stone Mining
20:25 Gold Mining
20:19 Horse Collar
25:39 Gold Shaft Mining
26:13 Hand Cart
27:52 Bow Saw
28:24 Fletching
28:34 Padded Archer Armor
29:58 Town Watch
33:09 Fervor
33:02 Caravan
33:14 Heavy Plow
37:34 Imperial Age
35:28 Masonry
35:39 Ballistics
36:38 Fishing Lines
37:21 Fortified Wall
36:52 Treadmill Crane
40:24 Architecture
40:54 Chemistry
40:34 Conscription
39:36 Elite Longbowman
41:08 Bodkin Arrow
41:28 Leather Archer Armor
44:40 Ring Archer Armor
44:11 Bracer
49:01 Warwolf
49:28 Yeomen
49:45 Hoardings
Dodô Pressão
5:50 Loom
17:21 Feudal Age
17:47 Double-Bit Axe
17:54 Gold Mining
19:11 Wheelbarrow
19:15 Bow Saw
25:25 Castle Age
24:26 Gold Shaft Mining
23:36 Horse Collar
24:14 Hand Cart
24:09 Stone Mining
29:29 Hand Cart
32:56 Heavy Plow
36:40 Imperial Age
35:44 Stone Shaft Mining
38:25 Burgundian Vineyards
41:54 Chemistry
40:51 Elite Coustillier
41:44 Forging
41:39 Scale Barding Armor
44:42 Iron Casting
43:39 Cavalier
44:20 Husbandry
47:45 Two-Man Saw
52:42 Blast Furnace
51:42 Scale Mail Armor
52:02 Chain Barding Armor
51:32 Fletching
51:42 Padded Archer Armor
51:37 Arson
51:55 Squires
pinkmann
12:23 Feudal Age
13:38 Double-Bit Axe
14:30 Gold Mining
14:45 Horse Collar
20:11 Castle Age
18:07 Stone Mining
23:17 Bow Saw
23:45 Gold Shaft Mining
30:47 Imperial Age
29:33 Caravan
36:41 Wheelbarrow
36:34 Elite Janissary
38:00 Heavy Camel Rider
40:09 Bloodlines
53:01 Husbandry
53:30 Ballistics
53:22 Scale Barding Armor
53:27 Forging
53:19 Padded Archer Armor
CHARLIEasdefgw
5:52 Loom
13:18 Feudal Age
13:36 Feudal Age
14:34 Feudal Age
14:57 Feudal Age
15:23 Horse Collar
15:32 Double-Bit Axe
16:30 Wheelbarrow
22:47 Castle Age
22:05 Gold Mining
22:06 Stone Mining
24:14 Scale Barding Armor
24:12 Padded Archer Armor
24:03 Fletching
24:25 Forging
27:09 Bow Saw
27:08 Heavy Plow
30:16 Husbandry
30:28 Bloodlines
31:06 Bodkin Arrow
31:27 Leather Archer Armor
32:08 Gold Shaft Mining
33:34 Kasbah
35:45 Hand Cart
37:03 Thumb Ring
37:52 Chain Barding Armor
38:08 Iron Casting
40:51 Imperial Age
43:10 Conscription
42:54 Maghrebi Camels
44:52 Bracer
45:23 Ring Archer Armor
45:29 Iron Casting
45:30 Plate Barding Armor
48:03 Heavy Camel Rider
49:58 Blast Furnace
48:26 Heavy Camel Rider
51:36 Elite Camel Archer
54:04 Hoardings
Hernan-Cortez
0:46 Loom
12:22 Feudal Age
13:10 Double-Bit Axe
13:08 Horse Collar
15:20 Fishing Lines
15:35 Gold Mining
17:45 Town Watch
21:04 Castle Age
20:37 Stone Mining
21:28 Wheelbarrow
24:45 Heavy Plow
24:52 Gillnets
26:03 Bow Saw
27:47 Caravan
34:38 Imperial Age
40:12 Chemistry
39:33 Ballistics
39:24 Fortified Wall
39:20 Siege Engineers
39:22 Fletching
39:33 Padded Archer Armor
39:34 Scale Mail Armor
39:44 Forging
39:52 Hand Cart
47:21 Elite Skirmisher
48:04 Chatras
48:29 Paper Money
48:46 Hoardings
48:35 Bodkin Arrow
48:55 Leather Archer Armor
49:16 Iron Casting
48:56 Chain Mail Armor
48:06 Pikeman
48:47 Squires
51:14 Imperial Skirmisher
52:21 Murder Holes
52:08 Treadmill Crane
54:05 Bracer
54:36 Ring Archer Armor
54:37 Plate Mail Armor
54:51 Halberdier
Душан Силни
0:39 Loom
16:12 Feudal Age
17:51 Double-Bit Axe
17:50 Horse Collar
21:27 Gold Mining
21:28 Stone Mining
25:55 Castle Age
26:20 Forging
26:16 Scale Barding Armor
26:11 Scale Mail Armor
26:13 Padded Archer Armor
29:05 Bow Saw
29:33 Wheelbarrow
28:44 Town Watch
29:03 Heavy Plow
30:40 Gold Shaft Mining
30:14 Caravan
31:06 Coinage
36:06 Imperial Age
34:07 Hand Cart
34:20 Town Patrol
36:39 Iron Casting
36:26 Chain Barding Armor
38:15 Two-Man Saw
40:20 Conscription
39:26 Cavalier
40:08 Husbandry
40:19 Bloodlines
39:30 Light Cavalry
40:52 Guilds
41:12 Banking
41:20 Plate Barding Armor
41:47 Blast Furnace
41:01 Masonry
43:09 Chemistry
42:05 Murder Holes
Connection lost

Rejoining the realm…

Still unreachable

The connection could not be restored.

Session expired

The server has moved on; the page needs a fresh start.